 Dungeon Crawl Stone Soup version 0.28-a0-925-gd5e1996cdb (webtiles) character file.

Game seed: 6916330316702535821

7 Goblin1989 the Chopper (level 1, 0/18 HPs)
             Began as a Demonspawn Cinder Acolyte on Nov 26, 2021.
             Was a High Priest of Ignis.
             Slain by a frilled lizard (2 damage)
             ... on level 1 of the Dungeon.
             The game lasted 00:00:29 (355 turns).

Goblin1989 the Chopper (Demonspawn Cinder Acolyte)   Turns: 355, Time: 00:00:29

Health: 0/18       AC:  2    Str: 14    XL:     1   Next: 83%
Magic:  2/2        EV: 11    Int: 15    God:    Ignis [*****.]
Gold:   14         SH:  0    Dex:  8    Spells: 2/2 levels left

rFire   + . .      SeeInvis .   a - -1 hand axe (flame)
rCold   . . .      Faith    .   (no shield)
rNeg    . . .      Spirit   .   b - +0 robe
rPois   .          Reflect  .   (no helmet)
rElec   .          Harm     .   (no cloak)
rCorr   .          Rampage  .   (no gloves)
Will    .....                   (no boots)
Stlth   +.........              (no amulet)
HPRegen 0.06/turn               (no ring)
MPRegen 0.08/turn               (no ring)

@: no status effects
A: no striking features
a: Renounce Religion, Fiery Armour, Foxfire Swarm, Rising Flame


You were on level 1 of the Dungeon.
You worshipped Ignis.
Ignis was extremely pleased with you.
You visited 1 branch of the dungeon, and saw 1 of its levels.

You collected 14 gold pieces.

Inventory:

Hand Weapons
 a - a -1 hand axe of flaming (weapon)
Armour
 b - a +0 robe (worn)


   Skills:
 - Level 3.0 Fighting
 + Level 3.1 Axes
 - Level 1.0 Spellcasting
 - Level 2.6 Fire Magic


You had 2 spell levels left.
You didn't know any spells.
Your spell library contained the following spells:

 Spells                   Type           Power      Damage    Failure   Level
 Scorch                   Fire           16%        2d5       12%         2


Dungeon Overview and Level Annotations

Branches:
Dungeon (1/15)

Altars:


Message History

The ball python grabs you. The ball python constricts you.
The frilled lizard bites you but does no damage.
You take 3 damage, and have 11/18 hp.
You closely miss the ball python. You barely miss the frilled lizard.
The ball python closely misses you. The ball python constricts you.
The ball python barely misses you. The ball python constricts you.
Unknown command.
You closely miss the ball python. You hit the frilled lizard.
You burn the frilled lizard.
You kill the frilled lizard!
The ball python barely misses you. The ball python constricts you.
You take 1 damage, and have 10/18 hp.
Unknown command.
You are too injured to fight recklessly!
Unknown command.
You are too injured to fight recklessly!
Unknown command.
You are too injured to fight recklessly!
Unknown command.
You are too injured to fight recklessly!
Unknown command.
You hit the frilled lizard but do no damage.
You hit the ball python. You burn the ball python.
You kill the ball python!
The frilled lizard completely misses you.
Your Axes skill increases to level 3!
You closely miss the frilled lizard. The frilled lizard bites you.
* * * LOW HITPOINT WARNING * * *
You take 3 damage, and have 7/18 hp.
You closely miss the frilled lizard. The frilled lizard barely misses you.
Unknown command.
You miss the frilled lizard. The frilled lizard barely misses you.
The frilled lizard bites you but does no damage.
You miss the frilled lizard. The frilled lizard closely misses you.
You hit the frilled lizard. You burn the frilled lizard.
You kill the frilled lizard!
A hobgoblin comes into view.
Found 17 gold pieces.
The hobgoblin shouts!
Health restored: 18 A hobgoblin is nearby!
A hobgoblin is nearby!
A kobold comes into view. It is wielding a +0 short sword.
The kobold shouts!
You hear an angry hiss.
The hobgoblin hits you.
You take 3 damage, and have 15/18 hp.
You barely miss the hobgoblin.
A ball python comes into view.
The hobgoblin barely misses you.
A frilled lizard comes into view.
You barely miss the hobgoblin. The hobgoblin closely misses you.
The ball python hisses angrily.
The frilled lizard hisses angrily.
You hit the hobgoblin but do no damage. You closely miss the kobold.
The hobgoblin hits you. The kobold hits you but does no damage.
You take 2 damage, and have 13/18 hp.
You barely miss the hobgoblin. You completely miss the kobold.
The hobgoblin closely misses you.
The frilled lizard unfolds its giant frill.
The kobold barely misses you. The hobgoblin barely misses you.
You hit the hobgoblin. You burn the hobgoblin.
You kill the hobgoblin!
You closely miss the kobold. The kobold closely misses you.
You barely miss the ball python. You hit the kobold but do no damage.
The kobold hits you with a +0 short sword.
The ball python barely misses you. The ball python closely misses you.
The kobold hits you with a +0 short sword.
* * * LOW HITPOINT WARNING * * *
You are too injured to fight recklessly!
You are too injured to fight recklessly!
You take 9 damage, and have 5/18 hp.
MASSIVE DAMAGE!!
You are too injured to fight recklessly!
You are too injured to fight recklessly!
You are too injured to fight recklessly!
You are too injured to fight recklessly!
You are too injured to fight recklessly!
You are too injured to fight recklessly!
You are too injured to fight recklessly!
You are too injured to fight recklessly!
You are too injured to fight recklessly!
You are too injured to fight recklessly!
You are too injured to fight recklessly!
Unknown command.
The ball python bites you.
* * * LOW HITPOINT WARNING * * *
The ball python closely misses you.
You take 1 damage, and have 4/18 hp.
You closely miss the ball python. The ball python bites you.
* * * LOW HITPOINT WARNING * * *
The ball python closely misses you.
You take 1 damage, and have 3/18 hp.
You hit the ball python. You burn the ball python.
You kill the ball python!
You barely miss the frilled lizard. The frilled lizard bites you.
* * * LOW HITPOINT WARNING * * *
The frilled lizard closely misses you.
You take 1 damage, and have 2/18 hp.
You closely miss the frilled lizard. The frilled lizard barely misses you.
You closely miss the frilled lizard. The frilled lizard bites you.
You die...

█........ █........
█........ █........ █.
█........ █.. █........
.███..██████ █████....$...
......█....█ █.@lK........
....█.█....█ █.███........
.██......†.███.██.........
..................█████.██
███....███████████ █
█...█.██ ....█ █..█ ..█
██.█ . █.█████


You could see a kobold and a frilled lizard.

Vanquished Creatures
  A hobgoblin (D:1)
  4 ball pythons (D:1)
  A bat (D:1)
  2 frilled lizards (D:1)
8 creatures vanquished.

Notes
Turn   | Place    | Note
-------+----------+-------------------------------------------
     0 | D:1      | Goblin1989 the Demonspawn Cinder Acolyte began the quest
                  | for the Orb.
     0 | D:1      | Reached XP level 1. HP: 18/18 MP: 2/2
   355 | D:1      | Slain by a frilled lizard

Illustrated notes

Levels and vault maps discovered:
D:1:      lemuel_arrival_broad_hall, layout_rooms, basic_ecumenical_altar

Skill      XL: |  1 |
---------------+----+-----
Axes           | 3 |  3.1
Fighting       | |  3.0
Spellcasting   | |  1.0
Fire Magic     | |  2.6

Action                   || total
-------------------------++-------
Melee: Hand axe          ||    27
Armor: Robe              ||     5
Dodge: Dodged            ||    23

Table legend: (Time is in decaauts)
 A = Elapsed time spent in this place.
 B = Non-inter-level travel time spent in this place.
 C = Inter-level travel time spent in this place.
 D = Time resting spent in this place.
 E = Time spent auto-exploring this place.
 F = Levels seen in this place.
 G = Mean time per level.
                   A        B        C        D        E       F      G
               +--------+--------+--------+--------+--------+-----+--------+
         Total |    358 |    358 |      0 |      0 |    308 |   1 |  358.0 |
       Dungeon |    358 |    358 |      0 |      0 |    308 |   1 |  358.0 |
               +--------+--------+--------+--------+--------+-----+--------+

Top non-repeatable levels by time:
     D:1: 358 daAuts
